Map: Thunderbird LE

Players

SHODAN

  • Race: Terran Terran
  • League: Master
  • Spawn Location: 5:00

SKillous - Winner!

  • Race: Protoss Protoss
  • League: Grandmaster
  • Spawn Location: 11:00

Event: NationWars 2019

VOD

Have the link to the VOD?

Description

Time

  • Played on: Oct. 1, 2019, 1:09 p.m.
  • Length: 8:48
Show
View Real Time Build Order
Export as new Build Order

SHODAN Terran 

Build Orders:  

Get SALT Encoding   

  12  0:01  SCV  
  13  0:13  SCV  
  14  0:17  Supply Depot  
  14  0:25  SCV  
  15  0:38  SCV  
  15  0:40  Barracks  
  16  0:43  Refinery  
  16  0:51  SCV  
  17  1:03  SCV  
  18  1:15  SCV  
  19  1:27  Orbital Command, Marine  
  20  1:41  Command Center  
  20  1:52  Supply Depot  
  20  1:53  SCV  
  21  2:05  SCV  
  22  2:09  Factory  
  22  2:11  Barracks Tech Lab  
  22  2:17  SCV, Refinery  
  23  2:29  SCV  
  24  2:30  Marauder  
  26  2:41  SCV  
  27  2:52  Marauder  
  27  2:54  Orbital Command, SCV  
  27  2:57  Hellion  
  31  2:59  Starport  
  31  3:07  SCV  
  32  3:18  Hellion  
  34  3:20  Barracks  
  34  3:23  SCV  
  34  3:24  Barracks Reactor  
  34  3:25  SCV  
  36  3:35  SCV, Viking  
  36  3:37  SCV  
  36  3:40  Supply Depot  
  40  3:43  Factory Tech Lab  
  40  3:47  SCV  
  41  3:50  SCV  
  39  4:04  Cyclone  
  39  4:05  Viking  
  42  4:11  SCV  
  42  4:12  Marine x2  
  42  4:14  SCV  
  41  4:23  SCV  
  42  4:27  Stimpack, Marine  
  43  4:33  SCV  
  43  4:35  SCV  
  45  4:43  Command Center  
  45  4:45  SCV  
  46  4:46  Marine  
  46  4:47  SCV  
  46  4:48  Marine  
  46  4:50  Marine  
  50  4:55  Medivac  
  50  4:57  SCV  
  50  4:59  Supply Depot  
  53  5:04  Marine  
  54  5:08  Refinery  
  54  5:15  Supply Depot  
  54  5:17  Engineering Bay  
  59  5:21  SCV x2, Siege Tank  
  59  5:22  Supply Depot  
  59  5:28  Medivac  
  59  5:29  Marine  
  62  5:36  SCV, Marine x2  
  62  5:37  SCV  
  64  5:47  Marine  
  64  5:48  SCV  
  63  5:50  SCV  
  63  5:54  Marine x2  
  63  5:56  Missile Turret  
  61  6:00  Missile Turret, SCV  
  64  6:05  Marine  
  64  6:10  SCV  
  64  6:12  Starport Reactor  
  64  6:15  Orbital Command  
  64  6:17  Barracks, Terran Infantry Weapons Level 1, SCV  
  65  6:28  Refinery  
  65  6:29  SCV  
  65  6:30  Marine x3  
  69  6:37  Barracks  
  69  6:41  Orbital Command  
  69  6:45  SCV  
  69  6:47  SCV  
  71  6:49  Factory Reactor  
  71  6:51  Combat Shield, Marine  
  71  6:52  Marine x2  
  74  6:57  SCV  
  74  6:59  SCV  
  75  7:08  Marine  
  75  7:09  SCV, Marine  
  77  7:16  SCV, Marine  
  79  7:23  SCV  
  79  7:24  Armory  
  79  7:25  SCV  
  79  7:26  Engineering Bay  
  79  7:28  SCV, Starport Reactor  
  79  7:29  Marine x2  
  83  7:30  Supply Depot, Marine x2  
  83  7:31  Supply Depot  
  83  7:33  Marine, Widow Mine x2  
  83  7:34  Marine  
  83  7:35  SCV  
  93  7:38  Supply Depot  
  93  7:41  Concussive Shells  
  93  7:49  Marine  
  93  7:50  Marine  
  93  7:51  Marine x3  
  93  7:52  Marine  
  93  7:56  SCV x3  
  94  8:07  Marine x2  
  94  8:11  Marine x4  
  83  8:15  SCV x2  
  62  8:25  Marine x2  
  62  8:29  Marine x4  
Show
View Real Time Build Order
Export as new Build Order

SKillous Protoss - Winner!

Build Orders: 1 Gate Expand, Oracle Opening, Zealot Archon 

Get SALT Encoding   

  12  0:01  Probe  
  13  0:13  Probe  
  14  0:17  Pylon  
  14  0:25  Probe  
  15  0:35  Gateway  
  15  0:37  Probe (Chrono Boost)  
  16  0:46  Probe (Chrono Boost)  
  16  0:47  Assimilator  
  17  0:51  Probe (Chrono Boost)  
  18  1:03  Probe  
  19  1:15  Probe  
  20  1:22  Cybernetics Core  
  20  1:34  Nexus  
  20  1:41  Pylon  
  20  1:44  Probe  
  21  1:50  Assimilator  
  21  1:56  Adept (Chrono Boost), Probe  
  24  2:08  Probe  
  24  2:20  Adept (Chrono Boost), Stargate  
  24  2:21  Probe  
  27  2:32  Warp Gate  
  27  2:33  Probe  
  28  2:43  Adept  
  30  2:45  Probe (Chrono Boost)  
  30  2:50  Probe (Chrono Boost)  
  32  2:55  Probe (Chrono Boost)  
  34  2:58  Probe (Chrono Boost)  
  34  3:00  Probe (Chrono Boost)  
  34  3:02  Oracle (Chrono Boost)  
  38  3:09  Pylon, Probe  
  39  3:13  Probe  
  40  3:21  Probe  
  40  3:25  Probe  
  42  3:33  Oracle, Probe  
  46  3:37  Probe  
  46  3:38  Gateway  
  46  3:39  Gateway  
  47  3:45  Probe (Chrono Boost)  
  48  3:50  Pylon  
  48  3:54  Probe (Chrono Boost)  
  50  3:57  Probe (Chrono Boost)  
  51  4:03  Probe (Chrono Boost)  
  51  4:04  Probe (Chrono Boost)  
  50  4:10  Oracle  
  50  4:13  Probe (Chrono Boost)  
  52  4:21  Stalker, Probe (Chrono Boost)  
  52  4:23  Pylon  
  55  4:25  Probe (Chrono Boost)  
  55  4:29  Nexus  
  55  4:30  Probe (Chrono Boost)  
  56  4:32  Pylon, Probe  
  57  4:41  Probe  
  57  4:45  Assimilator  
  58  4:47  Phoenix (Chrono Boost), Probe, Assimilator  
  61  4:53  Probe  
  61  4:59  Probe  
  63  5:03  Twilight Council  
  63  5:05  Probe, Forge  
  64  5:11  Probe  
  67  5:14  Phoenix (Chrono Boost)  
  67  5:17  Pylon, Probe  
  68  5:24  Probe  
  68  5:27  Phoenix (Chrono Boost)  
  71  5:29  Probe  
  71  5:33  Gateway  
  71  5:35  Gateway, Protoss Ground Armor Level 1 (Chrono Boost)  
  72  5:36  Probe  
  72  5:40  Charge (Chrono Boost)  
  72  5:41  Probe  
  74  5:48  Probe (Chrono Boost)  
  74  5:51  Probe (Chrono Boost)  
  74  5:54  Phoenix (Chrono Boost)  
  74  5:56  Probe (Chrono Boost)  
  77  6:00  Gateway  
  77  6:02  Gateway  
  77  6:03  Gateway  
  77  6:07  Probe (Chrono Boost)  
  77  6:08  Probe (Chrono Boost), Sentry  
  77  6:09  Probe (Chrono Boost)  
  82  6:13  Pylon, Probe  
  82  6:16  Phoenix  
  82  6:18  Probe  
  86  6:23  Probe  
  87  6:26  Robotics Facility  
  87  6:28  Pylon  
  87  6:31  Zealot x2  
  91  6:38  Templar Archives  
  91  6:39  Pylon  
  91  6:41  Zealot x2  
  95  6:48  Zealot  
  97  6:57  Zealot x4  
  105  7:01  Pylon  
  105  7:03  Pylon  
  105  7:05  Pylon  
  105  7:12  Warp Prism (Chrono Boost)  
  105  7:13  Zealot x3  
  111  7:17  Zealot x2  
  111  7:18  Zealot x2  
  119  7:24  High Templar  
  119  7:26  Pylon  
  121  7:33  High Templar  
  121  7:34  Zealot x2  
  127  7:50  Zealot x4  
  135  7:52  Archon  
  135  7:57  Gateway x2  
  135  8:00  Pylon  
  111  8:14  Zealot  
  111  8:15  Zealot x7  
Tags
 
Add a new tag
Caveats
  • Supply blocks, unpowered buildings, or Contaminate may cause inaccurate times.
  • Supply counts are checked every 10 seconds.